Map: King's Cove LE

Players

HateMe - Winner!

  • Race: Zerg Zerg
  • Spawn Location: 11:00

PappiJoe

  • Race: Protoss Protoss
  • Spawn Location: 5:00

Event: 2019 WCS Summer

VOD

Have the link to the VOD?

Description

Time

  • Played on: July 12, 2019, 11:51 a.m.
  • Length: 4:42

All games in this series

Show
View Real Time Build Order
Export as new Build Order

HateMe Zerg - Winner!

Build Orders: Hatch First 

Get SALT Encoding   

  12  0:00  Drone  
  13  0:12  Overlord  
  13  0:18  Drone  
  14  0:31  Drone x2  
  16  0:50  Hatchery  
  16  0:53  Drone  
  16  0:56  Drone  
  17  0:59  Drone  
  17  1:02  Extractor  
  17  1:16  Spawning Pool  
  16  1:19  Drone  
  16  1:23  Drone  
  18  1:29  Drone  
  19  1:40  Drone  
  20  1:51  Overlord  
  20  2:02  Queen  
  20  2:03  Queen  
  20  2:04  Zergling x2  
  20  2:05  Zergling x2  
  26  2:14  Zergling x4  
  28  2:17  Spine Crawler  
  28  2:21  Metabolic Boost  
  27  2:34  Zergling x6  
  30  2:40  Queen  
  30  2:44  Overlord  
  33  2:45  Drone  
  34  2:56  Drone  
  34  2:57  Drone  
  36  3:15  Spore Crawler  
  36  3:18  Spore Crawler  
  34  3:20  Queen x2  
  34  3:24  Overlord  
  38  3:39  Drone x5  
  43  3:46  Zergling x6  
  46  3:55  Overlord x2  
  46  3:56  Zergling x2  
  47  4:06  Spore Crawler  
  47  4:09  Zergling x8  
Show
View Real Time Build Order
Export as new Build Order

PappiJoe Protoss 

Build Orders: Zealot Archon, Dark Templar Rush 

Get SALT Encoding   

  12  0:00  Probe  
  13  0:12  Probe  
  14  0:18  Pylon  
  14  0:24  Probe  
  15  0:32  Probe  
  15  0:39  Gateway  
  15  0:40  Probe  
  16  0:47  Assimilator  
  17  0:51  Probe  
  18  0:57  Assimilator  
  18  1:00  Probe  
  19  1:08  Probe  
  19  1:18  Probe  
  21  1:25  Pylon  
  21  1:26  Cybernetics Core  
  21  1:30  Probe  
  22  1:42  Probe  
  23  2:02  Stalker, Twilight Council  
  23  2:04  Robotics Facility, Warp Gate  
  25  2:20  Gateway  
  25  2:42  Dark Shrine  
  25  2:48  Warp Prism  
  25  2:57  Gateway  
  27  3:03  Gateway  
  27  3:14  Pylon  
  27  4:02  Dark Templar  
  29  4:03  Dark Templar  
  29  4:07  Shield Battery  
  29  4:08  Shield Battery, Gateway  
  29  4:09  Archon  
  31  4:11  Dark Templar, Pylon  
Tags
 
Add a new tag
Caveats
  • Supply blocks, unpowered buildings, or Contaminate may cause inaccurate times.
  • Supply counts are checked every 10 seconds.